 Dungeon Crawl Stone Soup version 0.30.1-9-gdf580d7c3d (webtiles) character file.

Game seed: 2372099241223278835

16010 Wiggles the Severer (level 12, -2/162 HPs)
             Began as a Minotaur Berserker on Oct 24, 2023.
             Was an Elder of Trog.
             Slain by a guardian serpent (15 damage)
             ... on level 1 of the Abyss.
             The game lasted 00:27:11 (10994 turns).

Wiggles the Severer (Minotaur Berserker)           Turns: 10994, Time: 00:27:11

Health: -2/162     AC: 24    Str: 28    XL:     12   Next: 6%
Magic:  11/11      EV:  7    Int:  4    God:    Trog [****..]
Gold:   318        SH:  5    Dex: 15    Spells: 11/11 levels left

rFire   . . .        f - +1 battleaxe (chaos)
rCold   . . .        (shield currently unavailable)
rNeg    . . .        C - +0 plate armour
rPois   .            (helmet restricted)
rElec   .            y - +2 cloak {Stlth+}
rCorr   .            v - +1 pair of gloves
SInv    +            x - +2 pair of boots {rampage}
Will    .....        n - amulet of reflection Stlth
                     k - +6 ring of dexterity
HPRegen 0.47/turn    a - ring of see invisible
MPRegen 0.12/turn

%: reflection, rampage
@: berserking, lethally poisoned (-2 -> -5), slowed, constricted
A: horns 2, retaliatory headbutt
a: Renounce Religion, Berserk, Trog's Hand, Brothers in Arms


You were on level 1 of the Abyss.
You worshipped Trog.
Trog was greatly pleased with you.
You visited 2 branches of the dungeon, and saw 11 of its levels.
You visited the Abyss 1 time.

You collected 483 gold pieces.
You spent 165 gold pieces at shops.

Inventory:

Hand Weapons
 f - a +1 battleaxe of chaos (weapon)
Armour
 v - a +1 pair of gloves (worn)
 x - a +2 pair of boots of rampaging (worn)
 y - a +2 cloak of stealth (worn)
 C - a +0 plate armour (worn)
Jewellery
 a - a ring of see invisible (right hand)
 k - a +6 ring of dexterity (left hand)
 n - an amulet of reflection (around neck)
Wands
 g - a wand of roots (13)
 o - a wand of digging (7)
 B - a wand of flame (13)
Scrolls
 b - a scroll of poison
 d - 4 scrolls of teleportation
 e - a scroll of fog
 r - a scroll of identify
 s - a scroll of magic mapping
 z - 6 scrolls of fear
Potions
 c - 2 potions of curing
 i - 3 potions of lignification
 j - a potion of flight
 m - a potion of resistance
 p - 3 potions of ambrosia
 t - 2 potions of heal wounds
 A - a potion of berserk rage
Miscellaneous
 l - a phial of floods
 q - a piece from Xom's chessboard (15/15)
 w - a lightning rod (4/4)


   Skills:
 + Level 10.9 Fighting
 + Level 15.7 Axes
 + Level 10.7 Armour
 + Level 5.8 Dodging
 + Level 1.6 Stealth
 + Level 8.0 Shields
 + Level 0.8 Evocations


You had 11 spell levels left.
You didn't know any spells.
Your spell library was empty.

Dungeon Overview and Level Annotations

Branches:
Dungeon (10/15)            Temple (0/1) D:4            Lair (1/5) D:9
    Orc (0/2) D:10

Altars:
Cheibriados
Fedhas
Hepliaklqana
Kikubaaqudgha
Okawaru
Ru
Sif Muna
Wu Jian
Xom

Shops:
D:1 [(   D:2 (   D:5 [   D:6 *

Annotations:
Lair:1 Sonja


Innate Abilities, Weirdness & Mutations

You have a pair of horns on your head.
You reflexively headbutt those who attack you in melee.


Message History

The guardian serpent coils itself and waves its upper body at you.
You feel as though you will be slow longer.
You block the guardian serpent's attack.
You closely miss the guardian serpent.
The guardian serpent hits you but does no damage.
A naga warrior comes into view. It is wielding a +0 scimitar.
The guardian serpent hits you.
The naga warrior shouts!
You slash the guardian serpent!
Your headbutt misses the guardian serpent.
The guardian serpent is moderately wounded.
You block the guardian serpent's attack.
The guardian serpent coils itself and waves its upper body at you.
The bolt of poison hits you but does no damage.
You are poisoned.
You hit the guardian serpent. You headbutt the guardian serpent!
The guardian serpent is heavily wounded.
You feel very sick. The guardian serpent hits you!
* * * LOW HITPOINT WARNING * * *
The guardian serpent closely misses you.
You furiously retaliate!
You headbutt the guardian serpent!
You hit the guardian serpent but do no damage.
You headbutt the guardian serpent!
The guardian serpent is almost dead.
You feel very sick.
The guardian serpent coils itself and waves its upper body at you.
The naga warrior blinks!
The guardian serpent casts a spell at you.
You resist with some effort.
A red film seems to cover your vision as you go berserk!
You feel yourself moving faster!
You feel mighty!
You feel sick. The guardian serpent hits you!
* * * LOW HITPOINT WARNING * * *
You block the guardian serpent's attack.
The naga warrior hits you with a +0 scimitar.
* * * LOW HITPOINT WARNING * * *
The naga warrior grabs you. The naga warrior constricts you.
The guardian serpent hits you!
You die...

# #. X.. .. .# #.##.##
.## #.## .# #. ...# ...
## . . . . #.. ..####..
.#. # # #.###..##...
..#. ##..#.##.#... ..
#..#..##...##. #
#..@N.......# ....
........#S..#..#.#...##.
#.##...###.#.#.###.. #
#..# ..#ยง.### .. #..#
.# ..## . ## ...# #
#.##. .#.. #.#... .. # .
###


You could see a naga warrior and a guardian serpent.

Vanquished Creatures
  Erica (D:9)
  2 two-headed ogres (D:10)
  The ghost of bearlyready the Brawler, a novice TrHu (D:9)
  A skyshark (Lair:1)
  Pikel (D:8)
  An orc knight (D:10)
  A large abomination (Abyss:1)
  A black mamba (Lair:1)
  The ghost of lonewolfV2 the Trooper, a novice DsCK of Xom (D:4)
  A cane toad (Lair:1)
  A gargoyle (D:10)
  An ice devil (Abyss:1)
  A hornet (D:9)
  Prince Ribbit (D:8)
  Sigmund (D:4)
  A vampire (D:10)
  A wraith (D:10)
  2 shadows
  A wyvern (D:9)
  2 basilisks (Lair:1)
  2 small abominations (Abyss:1)
  10 yaks (D:9)
  Grum (D:9)
  A chaos spawn (Abyss:1)
  6 water moccasins
  The ghost of Esekla the Magician, an amateur DEWn of Vehumet (D:5)
  Duvessa (D:4)
  A sky beast (D:6)
  6 orc warriors
  2 ogres
  2 black bears
  2 ice beasts
  A centaur (D:10)
  5 wolves
  4 lemures (D:8)
  2 phantoms
  A kobold brigand (D:8)
  12 bullfrogs
  4 scorpions
  3 wights (D:8)
  Dowan (D:4)
  8 killer bees
  2 howler monkeys
  3 electric eels (Lair:1)
  A jelly (D:6)
  4 hounds
  5 orc priests
  A gnoll bouda (D:7)
  2 iguanas
  A sleepcap (D:6)
  9 orc wizards
  Robin (D:3)
  7 gnolls
  9 adders
  2 white imps
  4 dart slugs
  31 orcs
  4 ball pythons
  5 bats
  5 endoplasms
  5 giant cockroaches
  15 goblins
  11 hobgoblins
  7 kobolds
  5 quokkas
  5 frilled lizards
  7 rats
250 creatures vanquished.

Vanquished Creatures (collateral kills)
  A tentacled starspawn (Abyss:1)
  Maurice (D:8)
  A small abomination (Abyss:1)
  4 starcursed masses (Abyss:1)
  A wight (D:8)
  An ufetubus (Abyss:1)
  A starspawn tentacle (Abyss:1)
10 creatures vanquished.

Vanquished Creatures (others)
  11 starspawn tentacles (Abyss:1)
11 creatures vanquished.

Grand Total: 271 creatures vanquished

Notes
Turn   | Place    | Note
-------+----------+-------------------------------------------
     0 | D:1      | Wiggles the Minotaur Berserker began the quest for the Orb.
     0 | D:1      | Reached XP level 1. HP: 19/19 MP: 0/0
     2 | D:1      | Found Uwur's Antique Weapon Emporium.
    85 | D:1      | Reached XP level 2. HP: 27/27 MP: 1/1
   100 | D:1      | Reached skill level 4 in Axes
   300 | D:1      | Found Zuulliogh's Antique Armour Boutique.
   308 | D:1      | Reached XP level 3. HP: 33/33 MP: 2/2
   728 | D:2      | Reached ** piety under Trog
   927 | D:2      | Found Wauserun's Weapon Emporium.
  1103 | D:3      | Reached skill level 5 in Axes
  1103 | D:3      | Reached XP level 4. HP: 38/41 MP: 3/3
  1187 | D:3      | Found an ornate altar of the Wu Jian Council.
  1219 | D:3      | Reached XP level 5. HP: 47/47 MP: 4/4
  1286 | D:3      | Reached skill level 6 in Axes
  1367 | D:3      | Found a blossoming altar of Fedhas.
  1368 | D:3      | Found a sacrificial altar of Ru.
  1384 | D:3      | Noticed Robin
  1391 | D:3      | Killed Robin
  1402 | D:3      | Found an iron altar of Okawaru.
  2221 | D:4      | Found a transporter.
  2225 | D:4      | Noticed lonewolfV2's ghost (novice DsCK)
  2227 | D:4      | Found a transporter.
  2268 | D:4      | Found a snail-covered altar of Cheibriados.
  2277 | D:4      | Noticed an ogre
  2283 | D:4      | Killed an ogre
  2284 | D:4      | Reached XP level 6. HP: 55/55 MP: 5/5
  2292 | D:4      | Reached skill level 5 in Fighting
  2801 | D:4      | Reached skill level 7 in Axes
  2802 | D:4      | Found a staircase to the Ecumenical Temple.
  2802 | D:4      | Noticed Duvessa
  2802 | D:4      | Noticed Dowan
  2810 | D:4      | Reached XP level 7. HP: 53/61 MP: 6/6
  2814 | D:4      | Killed Duvessa
  2815 | D:4      | Reached skill level 5 in Armour
  2864 | D:4      | Killed Dowan
  2865 | D:4      | Reached skill level 8 in Axes
  3175 | D:4      | Reached *** piety under Trog
  3202 | D:4      | Noticed Sigmund
  3224 | D:4      | Killed Sigmund
  3226 | D:4      | Reached XP level 8. HP: 70/70 MP: 7/7
  3353 | D:4      | Killed lonewolfV2's ghost
  3354 | D:4      | Reached skill level 9 in Axes
  3411 | D:5      | Entered Level 5 of the Dungeon
  3591 | D:5      | Found a hazy altar of Hepliaklqana.
  3626 | D:5      | Found Buothruwa's Armour Boutique.
  3794 | D:5      | Found a shimmering blue altar of Sif Muna.
  4039 | D:5      | Found a runed translucent door.
  4039 | D:5      | Noticed Esekla's ghost (amateur DEWn)
  4053 | D:5      | Killed Esekla's ghost
  4054 | D:5      | Reached skill level 10 in Axes
  4510 | D:6      | Reached XP level 9. HP: 72/79 MP: 8/8
  4747 | D:6      | Found Veatzut's Serpentskin Sales.
  4914 | D:1      | Bought a pair of glowing boots for 165 gold pieces
  5135 | D:7      | Reached skill level 1 in Shields
  5193 | D:7      | Reached skill level 11 in Axes
  5519 | D:7      | Reached **** piety under Trog
  5795 | D:8      | Noticed Prince Ribbit
  5806 | D:8      | Killed Prince Ribbit
  5808 | D:8      | Reached skill level 12 in Axes
  5991 | D:8      | Noticed Pikel
  6010 | D:8      | Killed Pikel
  6206 | D:8      | Reached XP level 10. HP: 90/90 MP: 9/9
  6217 | D:8      | Noticed Maurice
  6230 | D:8      | Killed Maurice
  6442 | D:8      | Reached skill level 1 in Stealth
  6726 | D:8      | Noticed a two-headed ogre
  7008 | D:9      | Reached skill level 13 in Axes
  7029 | D:9      | Noticed Grum
  7046 | D:9      | Killed Grum
  7062 | D:9      | Reached skill level 5 in Dodging
  7066 | D:9      | Reached skill level 5 in Shields
  7162 | D:9      | Found a shimmering altar of Xom.
  7398 | D:9      | Found a staircase to the Lair.
  7605 | D:9      | Found a runed translucent gate.
  7606 | D:9      | Found a runed translucent gate.
  7607 | D:9      | Found a runed translucent gate.
  7609 | D:9      | Noticed bearlyready's ghost (novice TrHu)
  7622 | D:9      | Killed bearlyready's ghost
  7623 | D:9      | Reached skill level 14 in Axes
  7623 | D:9      | Reached XP level 11. HP: 59/97 MP: 10/10
  7957 | D:9      | Noticed Erica
  7975 | D:9      | Killed Erica
  8249 | D:10     | Entered Level 10 of the Dungeon
  8350 | D:10     | Noticed an orc knight
  8355 | D:10     | Found a staircase to the Orcish Mines.
  8361 | D:10     | Killed an orc knight
  8627 | D:10     | Noticed a two-headed ogre
  8634 | D:10     | Killed a two-headed ogre
  8635 | D:10     | Reached skill level 10 in Fighting
  8838 | D:10     | Found an ancient bone altar of Kikubaaqudgha.
  8910 | D:10     | Noticed a two-headed ogre
  8922 | D:10     | Killed a two-headed ogre
  8923 | D:10     | Reached skill level 15 in Axes
  8923 | D:10     | Reached skill level 10 in Armour
  9864 | Lair:1   | Entered Level 1 of the Lair of Beasts
 10538 | Lair:1   | Noticed a skyshark
 10545 | Lair:1   | Killed a skyshark
 10545 | Lair:1   | Reached ***** piety under Trog
 10575 | Lair:1   | Noticed Sonja
 10589 | Abyss:1  | Cast into level 1 of the Abyss (Sonja)
 10604 | Abyss:1  | Found a corrupted altar of Lugonu.
 10689 | Abyss:1  | Noticed a thrashing horror
 10818 | Abyss:1  | Noticed a tentacled starspawn
 10862 | Abyss:1  | Noticed a tentacled starspawn
 10909 | Abyss:1  | Killed a tentacled starspawn
 10910 | Abyss:1  | Reached XP level 12. HP: 84/108 MP: 11/11
 10920 | Abyss:1  | Found a corrupted altar of Lugonu.
 10927 | Abyss:1  | Found a corrupted altar of Lugonu.
 10927 | Abyss:1  | Found a corrupted altar of Lugonu.
 10954 | Abyss:1  | Noticed a starcursed mass
 10990 | Abyss:1  | Noticed a naga warrior
 10994 | Abyss:1  | Slain by a guardian serpent

Illustrated notes

Levels and vault maps discovered:
D:1:      dpeg_arrival_short_road, layout_rooms, serial_shops, shop, shop
D:2:      layout_loops_ring, serial_shops, nicolae_shop_tiny_real_fake_doors
D:3:      layout_loops_corners, nicolae_overflow_crystal_walls,
          gammafunk_temple_overflow_forgotten, serial_park_tiny_pond, uniq_robin
D:4:      minmay_chambers_of_fours, layout_basic, mainiacjoe_overflow_paths,
          temple_fountains, gammafunk_ghost_arena, minmay_checkerbox,
          uniq_duvessa, uniq_sigmund
D:5:      layout_basic, nicolae_sif_muna_little_library, lemuel_crystal_altar,
          gammafunk_ghost_grave, nicolae_stop_n_shop_1
D:6:      layout_rooms, guppyfry_shop_venom
D:7:      layout_basic, kennysheep_generic_room_9
D:8:      layout_basic, hex_medium, lightli_corner_chamber, uniq_maurice,
          uniq_pikel, uniq_prince_ribbit1
D:9:      layout_cave_pods, overflow_temple_1_default,
          grunt_lair_entry_orc_guard_hut, ebering_ghost_rock_garden, uniq_grum,
          uniq_erica
D:10:     layout_roguey, mainiacjoe_overflow_surrounded_room, david_orc_5
Lair:1:   layout_cave_pods, nicolae_quartered_pool_medium,
          minmay_shattered_shrine, grunt_megastairs_5, uniq_maggie, uniq_sonja
Abyss:1:  base: Temple, minivault_25

Skill      XL: |  1  2  3  4  5  6  7  8  9 10 11 12 |
---------------+-------------------------------------+-----
Axes           | 4 5 6 7 8 10 12 14 15 | 15.7
Fighting       | 4 5 7 8 9 10 | 10.9
Armour         | 3 4 5 7 8 9 10 | 10.7
Dodging        | 3 4 5 |  5.8
Shields        | 3 5 7 8 |  8.0
Stealth        | 1 |  1.6
Evocations     | |  0.8

Action                     |  1- 3 |  4- 6 |  7- 9 | 10-12 || total
---------------------------+-------+-------+-------+-------++-------
  Melee: Hand axe          |    62 |    65 |       |       ||   127
         Headbutt          |    10 |    16 |    35 |    58 ||   119
         War axe           |       |    35 |   214 |   236 ||   485
         Battleaxe         |       |       |       |    34 ||    34
 Invoke: Berserk           |     2 |     2 |     5 |     8 ||    17
         Brothers in Arms  |       |       |       |     3 ||     3
  Evoke: Wand              |       |       |       |     7 ||     7
    Use: Scroll            |       |       |    14 |    10 ||    24
 Armour: Animal skin       |     3 |       |       |       ||     3
         Ring mail         |    10 |    12 |       |       ||    22
         Chain mail        |       |    30 |   108 |    56 ||   194
         Plate armour      |       |       |       |    61 ||    61
  Dodge: Dodged            |    29 |    61 |    95 |   101 ||   286
  Block: Kite shield       |       |       |    64 |   117 ||   181
         Other             |       |       |       |    12 ||    12
         Reflection        |       |       |       |     2 ||     2
